 Dungeon Crawl Stone Soup version 0.31-a0-986-g5e6e4ef867 (webtiles) character file.

Game seed: 14588514535953271883

122 serber55 the Charlatan (level 5, -9/37 HPs)
             Began as a Gnoll Wanderer on Nov 19, 2023.
             Mangled by an ogre
             ... wielding a +0 giant spiked club
              (27 damage)
             ... on level 3 of the Dungeon.
             The game lasted 00:10:17 (2695 turns).

serber55 the Charlatan (Gnoll Wanderer)             Turns: 2695, Time: 00:10:18

Health: -9/37      AC:  2    Str: 10    XL:     5   Next: 6%
Magic:  8/12       EV: 11    Int: 17    God:
Gold:   188        SH:  0    Dex:  9    Spells: 6/14 levels left

rFire   . . .        h - +0 dagger
rCold   . . .        (no shield)
rNeg    . . .        c - +0 robe
rPois   .            (no helmet)
rElec   .            (no cloak)
rCorr   .            (no gloves)
SInv    .            (no boots)
Will    .....        (no amulet)
Stlth   +            (no ring)
HPRegen 0.26/turn    (no ring)
MPRegen 0.13/turn

%: no passive effects
@: no status effects
A: fangs 1, strong nose, distributed training
a: no special abilities


You were on level 3 of the Dungeon.
You visited 1 branch of the dungeon, and saw 3 of its levels.

You collected 188 gold pieces.

Inventory:

Hand Weapons
 h - a +0 dagger (weapon)
Armour
 c - a +0 robe (worn)
Wands
 d - a wand of flame (3) (quivered)
Scrolls
 a - a scroll of revelation {unknown}
 b - 2 scrolls of teleportation
 e - 3 scrolls of identify {unknown}
 i - a scroll of poison {unknown}
 j - a scroll of immolation {unknown}
 k - a scroll of blinking {unknown}
 m - a scroll of fog {unknown}
Potions
 g - a potion of curing {unknown}
 l - a potion of degeneration {unknown}


   Skills:
 + Level 1.3 Fighting
 + Level 1.3 Short Blades
 + Level 1.3 Long Blades
 + Level 1.3 Axes
 + Level 1.3 Maces & Flails
 + Level 1.3 Polearms
 + Level 1.3 Staves
 + Level 1.3 Ranged Weapons
 + Level 1.3 Throwing
 + Level 2.9 Armour
 + Level 1.3 Dodging
 + Level 1.3 Stealth
 + Level 1.3 Shields
 + Level 1.3 Unarmed Combat
 + Level 5.1 Spellcasting
 + Level 1.1 Conjurations
 + Level 1.1 Hexes
 + Level 1.1 Summonings
 + Level 1.1 Necromancy
 + Level 1.1 Translocations
 + Level 1.1 Transmutations
 + Level 3.9 Fire Magic
 + Level 1.1 Ice Magic
 + Level 1.1 Air Magic
 + Level 1.1 Earth Magic
 + Level 3.9 Poison Magic
 + Level 1.5 Invocations
 + Level 6.6 Evocations
 + Level 1.2 Shapeshifting


You had 6 spell levels left.
You knew the following spells:

 Your Spells              Type           Power      Damage    Failure   Level
a - Sting                 Tmut/Pois      48%        1d5       4%          1
b - Foxfire               Conj/Fire      48%        2x1d6     4%          1
c - Ignite Poison         Fire/Tmut/Pois 14%        N/A       12%         3
d - Volatile Blastmotes   Fire/Tloc      24%        2d12      16%         3

Your spell library contained the following spells:

 Spells                   Type           Power      Damage    Failure   Level
 Olgreb's Toxic Radiance  Pois           17%        N/A       28%         4


Dungeon Overview and Level Annotations

Branches:
Dungeon (3/15)

Altars:

Shops:
D:1 :


Innate Abilities, Weirdness & Mutations

You have very sharp teeth.
Your uncanny sense of smell can sniff out nearby items.
Your experience applies equally to all skills.


Message History

You ignite the poison in your surroundings!
The ogre seems to burn from within.
The ogre is moderately wounded.
Unknown command.
Okay, then.
You feel much better. The ogre closely misses you.
The ogre attacks as it pursues you!
The ogre hits you with a +0 giant spiked club!
The jackal barely misses you.
Your magical contamination has completely faded away.
The jackal closely misses you.
You hit the jackal.
The jackal is heavily wounded.
The jackal barely misses you.
You hit the jackal.
The jackal is severely wounded.
The jackal barely misses you.
You hit the jackal but do no damage.
The jackal is severely wounded.
The jackal bites you but does no damage.
The jackal closely misses you.
You hit the jackal.
The jackal is almost dead.
The jackal closely misses you.
You barely miss the jackal.
The jackal is almost dead.
The jackal bites you.
You hit the jackal but do no damage.
The jackal is almost dead.
The jackal bites you but does no damage.
The jackal bites you.
You hit the jackal but do no damage.
The jackal is almost dead.
The jackal barely misses you.
You hit the jackal.
You kill the jackal!
The ogre attacks as it pursues you!
The ogre hits you with a +0 giant spiked club!!
Ouch! That really hurt!
You die...

....#########.#.......)..#
..#......)..#.#..#####...#
#...######..#.#.## #..)##
##.######.......######.....
...#
#.......................
####
#.##.#.##.###.####..####
#.##.#.##.###.####).#
#.##......O.........#
######.##.#.#.##@###.##..#
..........#..............#
######.##.#.#.#รท##.#.##..#
#.##...#........##..#
######.##.#......#.#.....#
.....#....#.#..(...#.##..#
####.#.##........#...##..#
#.#.##.#.##.#.#.#.##..#
####.#.............#...^.#.#


You could see an ogre.

Vanquished Creatures
  An orc wizard (D:3)
  2 adders (D:2)
  A worm (D:2)
  2 dart slugs
  3 orcs (D:3)
  5 ball pythons
  10 endoplasms
  4 giant cockroaches
  6 goblins
  2 hobgoblins
  9 jackals
  4 kobolds
  A quokka (D:1)
  5 bats
  4 frilled lizards
  2 rats
61 creatures vanquished.

Vanquished Creatures (others)
  46 foxfires
46 creatures vanquished.

Grand Total: 107 creatures vanquished

Notes
Turn   | Place    | Note
-------+----------+-------------------------------------------
     0 | D:1      | serber55 the Gnoll Wanderer began the quest for the Orb.
     0 | D:1      | serber55 set off with the following items: a +0 club, a
                  | scroll of teleportation, a +0 robe, a wand of flame (3);
                  | and the following spells available to memorise: Foxfire,
                  | Sting, Ignite Poison, Volatile Blastmotes, Olgreb's Toxic
                  | Radiance.
     0 | D:1      | Reached XP level 1. HP: 13/13 MP: 6/6
     2 | D:1      | Learned a level 1 spell: Sting
   262 | D:1      | Reached XP level 2. HP: 15/19 MP: 3/7
   268 | D:1      | Learned a level 1 spell: Foxfire
   345 | D:1      | Found Myjaypah's Book Boutique.
   704 | D:1      | Reached skill level 5 in Spellcasting
   704 | D:1      | Reached XP level 3. HP: 23/25 MP: 3/9
   854 | D:1      | Reached skill level 1 in Invocations
  1319 | D:2      | Learned a level 3 spell: Ignite Poison
  1355 | D:2      | Reached skill level 1 in Fighting
  1355 | D:2      | Reached skill level 1 in Short Blades
  1355 | D:2      | Reached skill level 1 in Long Blades
  1355 | D:2      | Reached skill level 1 in Axes
  1355 | D:2      | Reached skill level 1 in Maces & Flails
  1355 | D:2      | Reached skill level 1 in Polearms
  1355 | D:2      | Reached skill level 1 in Staves
  1355 | D:2      | Reached skill level 1 in Ranged Weapons
  1355 | D:2      | Reached skill level 1 in Throwing
  1355 | D:2      | Reached skill level 1 in Dodging
  1355 | D:2      | Reached skill level 1 in Stealth
  1355 | D:2      | Reached skill level 1 in Shields
  1355 | D:2      | Reached skill level 1 in Unarmed Combat
  1502 | D:2      | Reached skill level 1 in Shapeshifting
  1502 | D:2      | Reached XP level 4. HP: 32/32 MP: 7/11
  2262 | D:3      | Learned a level 3 spell: Volatile Blastmotes
  2275 | D:3      | Reached skill level 1 in Conjurations
  2275 | D:3      | Reached skill level 1 in Hexes
  2275 | D:3      | Reached skill level 1 in Summonings
  2275 | D:3      | Reached skill level 1 in Necromancy
  2275 | D:3      | Reached skill level 1 in Translocations
  2275 | D:3      | Reached skill level 1 in Transmutations
  2275 | D:3      | Reached skill level 1 in Ice Magic
  2275 | D:3      | Reached skill level 1 in Air Magic
  2275 | D:3      | Reached skill level 1 in Earth Magic
  2447 | D:3      | Reached XP level 5. HP: 37/37 MP: 9/12
  2663 | D:3      | Noticed an ogre
  2695 | D:3      | Mangled by an ogre

Illustrated notes

Levels and vault maps discovered:
D:1:      orjb1_clovarrival, layout_loops_ring, serial_shops, shop,
          chequers_jeans, grunt_decor_one_mirror, minmay_misc_feat_tower
D:2:      layout_basic
D:3:      layout_loops_ring, overflow_temple_1_default, minmay_diced_spiral

Skill      XL: |  1  2  3  4 |
---------------+-------------+-----
Spellcasting   | 5 |  5.1
Invocations    | 1 |  1.5
Fighting       | 1 |  1.3
Short Blades   | 1 |  1.3
Long Blades    | 1 |  1.3
Axes           | 1 |  1.3
Maces & Flails | 1 |  1.3
Polearms       | 1 |  1.3
Staves         | 1 |  1.3
Ranged Weapons | 1 |  1.3
Throwing       | 1 |  1.3
Dodging        | 1 |  1.3
Stealth        | 1 |  1.3
Shields        | 1 |  1.3
Unarmed Combat | 1 |  1.3
Shapeshifting  | 1 |  1.2
Conjurations   | 1 |  1.1
Hexes          | 1 |  1.1
Summonings     | 1 |  1.1
Necromancy     | 1 |  1.1
Translocations | 1 |  1.1
Transmutations | 1 |  1.1
Ice Magic      | 1 |  1.1
Air Magic      | 1 |  1.1
Earth Magic    | 1 |  1.1
Armour         | |  2.9
Fire Magic     | |  3.9
Poison Magic   | |  3.9
Evocations     | |  6.6

Action                     |  1- 3 |  4- 6 || total
---------------------------+-------+-------++-------
  Melee: Club              |    46 |       ||    46
         Bite              |     7 |     5 ||    12
         Dagger            |    15 |    32 ||    47
         Punch             |     1 |       ||     1
   Cast: Sting             |    36 |    18 ||    54
         Foxfire           |    25 |    16 ||    41
         Ignite Poison     |       |     4 ||     4
    Use: Potion            |     1 |     1 ||     2
 Armour: Robe              |    64 |    19 ||    83
  Dodge: Dodged            |    53 |    33 ||    86

Table legend: (Time is in decaauts)
 A = Elapsed time spent in this place.
 B = Non-inter-level travel time spent in this place.
 C = Inter-level travel time spent in this place.
 D = Time resting spent in this place.
 E = Time spent auto-exploring this place.
 F = Levels seen in this place.
 G = Mean time per level.
                   A        B        C        D        E       F      G
               +--------+--------+--------+--------+--------+-----+--------+
         Total |   2718 |   2661 |     57 |    480 |   1731 |   3 |  906.0 |
       Dungeon |   2718 |   2661 |     57 |    480 |   1731 |   3 |  906.0 |
               +--------+--------+--------+--------+--------+-----+--------+

Top non-repeatable levels by time:
     D:1: 1318 daAuts
     D:2: 961 daAuts
     D:3: 438 daAuts
